 Dungeon Crawl Stone Soup version 0.25.0-9-g26727b657a (webtiles) character file.

Game seed: 17560515795978322033

17 Esekla the Grave Robber (level 2, -1/13 HPs)
             Began as a Spriggan Necromancer on June 16, 2020.
             Was an Initiate of Sif Muna.
             Slain by a hound (3 damage)
             ... on level 4 of the Dungeon.
             The game lasted 00:08:58 (1209 turns).

Esekla the Grave Robber (Spriggan Necromancer)      Turns: 1209, Time: 00:08:58

Health: -1/13      AC:  2    Str:  4    XL:     2   Next: 44%
Magic:  3/7        EV: 18    Int: 16    God:    Sif Muna [......]
Gold:   84         SH:  0    Dex: 16    Spells: 6/7 levels left

rFire    . . .     SeeInvis +   a - +0 falchion
rCold    . . .     Gourm    .   (shield restricted)
rNeg     . . .     Faith    .   g - +0 robe
rPois    .         Spirit   .   (helmet restricted)
rElec    .         Reflect  .   (no cloak)
rCorr    .         Harm     .   (gloves unavailable)
MR       .....                  (boots unavailable)
Stlth    ++........             (no amulet)
HPRegen  0.04/turn              (no ring)
MPRegen  0.10/turn              (no ring)

@: very quick
A: very small, unfitting armour, see invisible, herbivore, speed 3, slow
metabolism 2
a: Renounce Religion


You were on level 4 of the Dungeon.
You worshipped Sif Muna.
Sif Muna was noncommittal.
You were not hungry.

You visited 2 branches of the dungeon, and saw 6 of its levels.

You collected 84 gold pieces.

Inventory:

Hand Weapons
 a - a +0 falchion (weapon)
 b - a +0 spear
 s - a +0 short sword
Missiles
 h - 17 poisoned darts (quivered)
Armour
 g - a +0 robe (worn)
Scrolls
 d - a scroll of remove curse {unknown}
 f - a scroll of identify {unknown}
 k - a scroll of fog {unknown}
 m - a scroll of teleportation {unknown}
Potions
 e - a potion of flight {unknown}
 i - a potion of stabbing {unknown}
 j - 2 potions of lignification {unknown}
 l - a potion of curing {unknown}
Comestibles
 c - 3 rations


   Skills:
 + Level 0.1 Fighting
 * Level 3.1 Dodging
 + Level 3.1 Stealth
 * Level 3.1 Spellcasting
 + Level 3.9 Necromancy


You had 6 spell levels left.
You knew the following spells:

 Your Spells              Type           Power        Failure   Level  Hunger
a - Pain                  Necr           ###.         3%          1    None

Your spell library contained the following spells:

 Spells                   Type           Power        Failure   Level  Hunger
 Animate Skeleton         Necr           N/A          3%          1    None
 Vampiric Draining        Necr           ###.......   11%         3    ###....
 Animate Dead             Necr           N/A          34%         4    ####...
 Agony                    Necr           ###.....     69%         5    ######.


Dungeon Overview and Level Annotations

Branches:
Dungeon (5/15)             Temple (1/1) D:4

Altars:
Ashenzari
Cheibriados
Elyvilon
Kikubaaqudgha
Nemelex Xobeh
Sif Muna
Uskayaw
Vehumet
Xom


Innate Abilities, Weirdness & Mutations

You are very small and have problems with some larger weapons.
You are too small for most types of armour.
You have supernaturally acute eyesight. (SInv)
You are a herbivore.
You cover ground extremely quickly.
You need to consume almost no food.


Message History

Aiming: Pain (safe; 3% risk of failure)
Press: ? - help, Shift-Dir - straight line, f/p - hound
Aim: a hound (lightly wounded, chance to defeat MR: 80%)
The hound barely resists.
The hound misses you.
You riposte.
You hit the hound but do no damage.
The hound is lightly wounded.
Casting: Pain (safe; 3% risk of failure)
Confirm with . or Enter, or press ? or * to list all spells.
Aiming: Pain (safe; 3% risk of failure)
Press: ? - help, Shift-Dir - straight line, f/p - hound
Aim: a hound (lightly wounded, chance to defeat MR: 80%)
The hound writhes in agony.
The hound completely misses you. The hound misses you.
Casting: Pain (safe; 3% risk of failure)
Confirm with . or Enter, or press ? or * to list all spells.
Aiming: Pain (safe; 3% risk of failure)
Press: ? - help, Shift-Dir - straight line, f/p - hound
Aim: a hound (heavily wounded, chance to defeat MR: 80%)
The hound barely resists.
The hound bites you.
You die...

..
#.#
#.#
#.#
#.#
#.#
#.#
#.#
#.#
#h#
#@#
#.#
#.#
#w#
#.#
#.#
#.#
#.#


You could see a worm and a hound.

Vanquished Creatures
  An adder skeleton (D:4)
  A leopard gecko (D:1)
  A goblin (D:1)
  A hobgoblin (D:3)
  A quokka (D:2)
  4 bats
  3 kobolds
  A quokka skeleton (D:4)
  2 rats
15 creatures vanquished.

Notes
Turn   | Place    | Note
-------+----------+-------------------------------------------
     0 | D:1      | Esekla the Spriggan Necromancer began the quest for the
                  | Orb.
     0 | D:1      | Reached XP level 1. HP: 9/9 MP: 5/5
   413 | D:1      | Found a sparkling altar of Nemelex Xobeh.
   697 | D:1      | Reached XP level 2. HP: 13/13 MP: 6/6
  1095 | D:4      | Found a staircase to the Ecumenical Temple.
  1105 | Temple   | Entered the Ecumenical Temple
  1145 | Temple   | Became a worshipper of Sif Muna the Loreminder
  1178 | D:5      | Entered Level 5 of the Dungeon
  1209 | D:4      | Slain by a hound

Illustrated notes

Levels and vault maps discovered:
D:1:      psy_arrival_conway, layout_loops_ring, dk_noncrumbling_4,
          minivault_26, nemelex_diamond_rough_becter
D:2:      layout_basic, lemuel_coloured_pillars_altar
D:3:      layout_basic, lemuel_doored_altar, first_ration,
          chequers_ecumenical_altar_lobes, uniq_terence
D:4:      black_bear_nest_2, layout_basic, nicolae_overflow_hidden_temple,
          minmay_temple_entry_statues_pillars, minmay_small_thing
D:5:      layout_rooms, uniq_pikel
Temple:   dpeg_three_leaves_temple

Skill      XL: |  1  2 |
---------------+-------+-----
Spellcasting   | 3 |  3.1
Fighting       | |  0.1
Dodging        | |  3.1
Stealth        | |  3.1
Necromancy     | |  3.9

Action                   || total
-------------------------++-------
Melee: Falchion          ||    13
       Dagger            ||     1
       Short sword       ||     4
 Cast: Pain              ||    18
 Stab: Sleeping          ||     5
Armor: Robe              ||     5
Dodge: Dodged            ||    50
       Rpst.: Falchion   ||     8
